[Event "Team 45 45 League T39"]
[Site "Internet Chess Club"]
[Date "2008.10.26"]
[Round "1"]
[White "CoasterBrake"]
[Black "jeffk"]
[Result "1-0"]
[WhiteElo "1238"]
[BlackElo "1139"]
[Opening "Pirc: classical (two knights) system"]
[ECO "B08"]
[Time "11:01:08"]
[TimeControl "2700+45"]

1. e4 d6 2. d4 Nf6 3. Nc3 g6 4. Nf3 Bg7 5. Bc4 O-O 6. O-O c5 7. h3 Nc6 8. e5
dxe5 9. dxe5 Nd7 10. e6 fxe6 11. Bxe6+ Kh8 12. Ng5 Nf6 13. Nf7+ Rxf7 14. Bxf7
Bf5 15. Qxd8+ Rxd8 16. Bb3 a6 17. Be3 b6 18. Rad1 Re8 19. a3 e5 20. Nd5 Na5 21.
Ba2 Bxc2 22. Nxf6 Bxf6 23. Rd6 Bg7 24. Rxb6 Rd8 25. Rxa6 Bd3 26. Rd1 {Black
resigns} 1-0

[Event "Team 45 45 League T39"]
[Site "Internet Chess Club"]
[Date "2008.10.25"]
[Round "1"]
[White "KingOfHearts"]
[Black "arconia"]
[Result "0-1"]
[WhiteElo "1228"]
[BlackElo "1331"]
[Opening "Sicilian defense"]
[ECO "B30"]
[Time "19:00:07"]
[TimeControl "2700+45"]

1. e4 c5 2. Nf3 Nc6 3. Bc4 e6 4. Nc3 d6 5. d3 Be7 6. O-O Nf6 7. a3 O-O 8. h3 e5
9. Be3 Nh5 10. Ng5 Nf4 11. Bxf7+ Rxf7 12. Nxf7 Kxf7 13. Bxf4 exf4 14. Qh5+ Kg8
15. Ne2 g6 16. Qd5+ Kh8 17. Nxf4 Nd4 18. c3 Nb5 19. Ne6 Bxe6 20. Qb3 Bxb3 {White
resigns} 0-1

[Event "Team 45 45 League T39"]
[Site "Internet Chess Club"]
[Date "2008.10.25"]
[Round "1"]
[White "bowwrestler"]
[Black "kjs110"]
[Result "0-1"]
[WhiteElo "959"]
[BlackElo "1149"]
[Opening "Caro-Kann: advance variation"]
[ECO "B12"]
[Time "12:54:44"]
[TimeControl "2700+45"]

1. e4 c6 2. d4 d5 3. e5 e6 4. c3 f6 5. exf6 gxf6 6. Bd3 Ne7 7. Nf3 Bg7 8. c4 e5
9. dxe5 fxe5 10. cxd5 cxd5 11. Bg5 e4 12. Bb5+ Bd7 13. Bxd7+ Qxd7 14. Nd4 Nbc6
15. Nxc6 bxc6 16. Nc3 Nf5 17. Be3 Qb7 18. b3 Bxc3+ 19. Bd2 Bxa1 20. Qxa1 Rg8 21.
Qe5+ Qe7 22. Qxf5 Rxg2 23. h3 Qh4 24. Be3 Rb8 25. a4 Rxb3 26. Bxa7 Rb1+ 27. Ke2
Rxh1 28. Qc8+ Qd8 29. Qe6+ Qe7 30. Qc8+ Kf7 31. Qf5+ Qf6 32. Qd7+ Kg6 33. Qe8+
Kh6 34. Be3+ Kg7 35. Qd7+ Qf7 36. Qd6 Qf3+ 37. Kd2 Rd1+ 38. Kc3 Rd3+ 39. Kb4 Rg1
40. Bh6+ Kf7 41. Qf8+ Kg6 42. Qg7+ Kh5 43. Qxh7 Rb1+ 44. Kc5 Rc3+ 45. Kd6 Qf6+
46. Kd7 Qxh6 47. Qf5+ Qg5 48. Qf7+ Qg6 49. Qf4 Rb7+ 50. Kc8 Rh7 51. Qf8 Rb3 52.
Qd6 Qg8+ 53. Qd8 Qxd8+ 54. Kxd8 Rb8# {White checkmated} 0-1

[Event "Team 45 45 League T39"]
[Site "Internet Chess Club"]
[Date "2008.10.26"]
[Round "1"]
[White "DaMelch"]
[Black "fuzzface"]
[Result "0-1"]
[WhiteElo "1246"]
[BlackElo "1320"]
[Opening "Sicilian: Smith-Morra gambit"]
[ECO "B41"]
[Time "14:00:32"]
[TimeControl "2700+45"]

1. e4 c5 2. d4 e6 3. Nf3 Nc6 4. d5 exd5 5. exd5 Qe7+ 6. Be2 Ne5 7. Nxe5 Qxe5 8.
Nc3 Nf6 9. O-O Bd6 10. g3 a6 11. Re1 O-O 12. Bxa6 Qd4 13. Bf1 Qxd1 14. Rxd1 Re8
15. Bg5 Ne4 16. Nxe4 Rxe4 17. Bg2 Re2 18. Rdc1 Be5 19. Be3 Bxb2 20. Bf1 Rxe3 21.
fxe3 Bxc1 22. Rxc1 Rxa2 23. Bg2 d6 24. e4 f6 25. Kf2 Kf7 26. Ke3 Rb2 27. Kd3 Ra2
28. Kc3 Ra3+ 29. Kb2 Re3 30. Rg1 b5 31. Kc1 b4 {White resigns} 0-1

[Event "Team 45 45 League T39"]
[Site "Internet Chess Club"]
[Date "2008.10.27"]
[Round "1"]
[White "ffplayer"]
[Black "blkmagic"]
[Result "0-1"]
[WhiteElo "1134"]
[BlackElo "1264"]
[Opening "QGD: 3...Nf6"]
[ECO "D35"]
[Time "23:04:15"]
[TimeControl "2700+45"]

1. d4 d5 2. c4 Nf6 3. Nc3 e6 4. a3 dxc4 5. Bg5 Be7 6. Nf3 Nc6 7. e4 h6 8. Bh4 g5
9. Bg3 g4 10. Ne5 Nxd4 11. Bxc4 c5 12. O-O Rg8 13. Re1 Bd6 14. Nb5 Nxb5 15.
Bxb5+ Ke7 16. Nxf7 Kxf7 17. Bxd6 Bd7 18. Bxd7 Qxd7 19. Bxc5 Qxd1 20. Raxd1 e5
21. Bb4 Rac8 22. Bc3 Rc5 23. g3 h5 24. Rd2 a5 25. Re3 b6 26. b4 axb4 27. Bxb4
Rc1+ 28. Kg2 Rc4 29. Rd6 Nxe4 30. Rxb6 Re8 31. Re2 Ng5 32. Rh6 Nf3 33. Rh7+ Kg6
34. Re7 Rxe7 35. Bxe7 Rc1 36. Rxe5 Rg1# {White checkmated} 0-1

[Event "Team 45 45 League T39"]
[Site "Internet Chess Club"]
[Date "2008.10.27"]
[Round "1"]
[White "farbror"]
[Black "klt713"]
[Result "1-0"]
[WhiteElo "1160"]
[BlackElo "1153"]
[Opening "Blackmar gambit"]
[ECO "D00"]
[Time "23:06:01"]
[TimeControl "2700+45"]

1. d4 d5 2. e4 dxe4 3. Nc3 Nf6 4. f3 exf3 5. Qxf3 e6 6. Ba6 Nxa6 7. Bg5 Be7 8.
O-O-O c6 9. Nh3 h6 10. Bxf6 Bxf6 11. Rhf1 Nb4 12. Nf4 Qc7 13. Nh5 Bg5+ 14. Kb1
O-O 15. Ne4 Qa5 16. a3 Nd5 17. c4 Ne3 18. Nd6 f5 19. g4 Nxd1 20. Rxd1 g6 21.
gxf5 exf5 22. Nf4 Bxf4 23. Qxf4 Qd8 24. c5 b6 25. Qxh6 Qf6 26. Rg1 Be6 27. Rxg6+
Qxg6 28. Qxg6+ Kh8 29. Qxe6 Rg8 30. Qh6# {Black checkmated} 1-0

[Event "Team 45 45 League T39"]
[Site "Internet Chess Club"]
[Date "2008.10.25"]
[Round "1"]
[White "QUEENCAT"]
[Black "MeansToAnEnd"]
[Result "0-1"]
[WhiteElo "912"]
[BlackElo "1106"]
[Opening "Sicilian"]
[ECO "B54"]
[Time "12:12:36"]
[TimeControl "2700+45"]

1. e4 c5 2. Nf3 d6 3. d4 cxd4 4. Nxd4 e5 5. Nf3 Bg4 6. Be2 Nf6 7. Bg5 Be7 8. h3
Bxf3 9. Bxf3 Nc6 10. c3 h6 11. Be3 O-O 12. O-O Rc8 13. Na3 a6 14. Bg4 Rc7 15.
Be2 b5 16. Bb6 Nxe4 17. Bxc7 Qxc7 18. Bf3 Ng5 19. b4 e4 20. h4 Nxf3+ 21. gxf3
exf3 22. Qxf3 Ne5 23. Qd1 Qxc3 24. Nc2 Nf3+ 25. Kg2 Nxh4+ 26. Kg1 Qh3 27. Ne3
Rd8 28. Qg4 Qxg4+ 29. Nxg4 d5 30. a3 d4 31. Rfe1 Bg5 32. Kf1 d3 33. Red1 Rd4 34.
f3 Nxf3 35. Nf2 d2 36. Kg2 Nh4+ 37. Kg3 f5 38. Ra2 Kh7 39. Nh3 Rd3+ 40. Kh2 Nf3+
41. Kg3 Ng1+ 42. Kf2 Nxh3+ 43. Kg2 Nf4+ 44. Kf1 Nd5 45. Ke2 Rd4 46. Rc2 Ne3 47.
Rdxd2 Nxc2 48. Rxc2 Rc4 49. Rb2 Re4+ 50. Kd3 Re3+ 51. Kd4 Rxa3 52. Ke5 Bf6+ 53.
Kxf5 Bxb2 54. Ke6 Re3+ 55. Kd6 g5 56. Kc6 g4 57. Kb6 g3 58. Kxa6 g2 59. Kxb5
g1=Q 60. Kc5 Rc3+ 61. Kb5 Qg5+ 62. Ka4 Ra3# {White checkmated} 0-1

[Event "Team 45 45 League T39"]
[Site "Internet Chess Club"]
[Date "2008.10.26"]
[Round "1"]
[White "Razorbackchess"]
[Black "Russellovich"]
[Result "1-0"]
[WhiteElo "1786"]
[BlackElo "1759"]
[Opening "Budapest: Rubinstein variation"]
[ECO "A52"]
[Time "11:11:01"]
[TimeControl "2700+45"]

1. d4 Nf6 2. c4 e5 3. dxe5 Ng4 4. Bf4 Bb4+ 5. Nd2 Nc6 6. Nf3 Qe7 7. e3 Ngxe5 8.
Nxe5 Nxe5 9. Be2 d6 10. O-O Be6 11. Qa4+ Nc6 12. Nb3 a5 13. Nd4 Bd7 14. Qc2 Ne5
15. Rab1 h5 16. a3 Bc5 17. b4 axb4 18. axb4 Bb6 19. c5 dxc5 20. bxc5 Bxc5 21.
Rxb7 Bb6 22. Nb5 Bc6 23. Rxb6 cxb6 24. Bxe5 Bxb5 25. Bxb5+ Kf8 26. Qc6 Qd8 27.
Bc7 Qc8 28. Rd1 Kg8 29. Rd8+ Qxd8 30. Bxd8 Rxd8 31. h4 Rh6 32. Qc7 Rdd6 33. Bc4
Rdf6 34. Qd8+ Kh7 35. Bd3+ Rhg6 36. Bxg6+ Kxg6 37. f3 Re6 38. Qg5+ Kh7 39. Qxh5+
Kg8 40. Qb5 Rxe3 41. Qxb6 Re6 42. Qd8+ Kh7 43. Qf8 Rf6 44. Kf2 Kg6 45. g4 Ra6
46. h5+ Kf6 47. Qd8+ Ke5 48. Qg5+ Ke6 49. Qxg7 Ra2+ 50. Kg3 {Black resigns} 1-0

[Event "Team 45 45 League T39"]
[Site "Internet Chess Club"]
[Date "2008.10.28"]
[Round "1"]
[White "GolfSuper"]
[Black "sean98"]
[Result "0-1"]
[WhiteElo "1601"]
[BlackElo "1686"]
[Opening "Sicilian: Najdorf"]
[ECO "B90"]
[Time "18:01:51"]
[TimeControl "2700+45"]

1. e4 c5 2. Nf3 d6 3. d4 cxd4 4. Nxd4 Nf6 5. Nc3 a6 6. f3 e6 7. Be3 b5 8. Qd2
Nbd7 9. O-O-O Bb7 10. g4 Nb6 11. g5 Nfd7 12. Rg1 b4 13. Nb1 d5 14. exd5 Bxd5 15.
f4 Rc8 16. f5 Nc4 17. Bxc4 Rxc4 18. fxe6 fxe6 19. Qd3 Nc5 20. Qe2 Qc7 21. Nd2 b3
22. N2xb3 Nxb3+ 23. Nxb3 Be7 24. Rgf1 a5 25. Nd4 Rf8 26. Nf5 Rxf5 27. Rxf5 Be4
28. Rc5 Bxc5 {White resigns} 0-1

[Event "Team 45 45 League T39"]
[Site "Internet Chess Club"]
[Date "2008.10.25"]
[Round "1"]
[White "kingphisch"]
[Black "allanchs"]
[Result "1/2-1/2"]
[WhiteElo "1482"]
[BlackElo "1551"]
[Opening "Giuoco Piano"]
[ECO "C44"]
[Time "12:00:40"]
[TimeControl "2700+45"]

1. e4 e5 2. Nf3 Nc6 3. d4 exd4 4. Bc4 Bc5 5. c3 Nf6 6. e5 d5 7. exf6 dxc4 8.
fxg7 Rg8 9. cxd4 Nxd4 10. Nxd4 Qxd4 11. Qe2+ Be6 12. Nc3 Qxg7 13. Bf4 O-O-O 14.
Bg3 Qg6 15. O-O h5 16. Qe4 Qg4 17. Qxg4 Rxg4 18. Rad1 h4 19. Rxd8+ Kxd8 20. Rd1+
Ke7 21. Bxc7 h3 22. g3 Rd4 23. Re1 Bb4 24. Bf4 Bxc3 25. bxc3 Rd3 26. Rc1 b5 27.
a3 Kd7 28. Bb8 a6 29. Ba7 Kc6 30. Kf1 Bg4 31. Ke1 Kd5 32. Kf1 Ke4 33. Re1+ Kf3
34. Re3+ Rxe3 35. Bxe3 Bf5 36. Bc5 Bd3+ 37. Kg1 Ke2 38. Be7 Kd2 39. Bb4 Kc2 40.
Ba5 Kb3 41. Bb4 a5 42. Bxa5 Kxa3 43. Bb4+ Kb3 44. f4 Kc2 45. Ba5 Kd2 46. Bb4 Be2
47. Kf2 Kd3 48. Ba5 Bg4 49. Bb4 Kd2 50. Ba5 Kc2 51. Bb4 Kd3 52. Ba5 Ke4 53. Bb4
{Game drawn by mutual agreement} 1/2-1/2

[Event "Team 45 45 League T39"]
[Site "Internet Chess Club"]
[Date "2008.10.25"]
[Round "1"]
[White "AngryPirate"]
[Black "luster-snow"]
[Result "1-0"]
[WhiteElo "1535"]
[BlackElo "1430"]
[Opening "King's knight's gambit"]
[ECO "C34"]
[Time "15:00:38"]
[TimeControl "2700+45"]

1. e4 e5 2. f4 exf4 3. Nf3 Nc6 4. d4 Bb4+ 5. c3 Bf8 6. Bxf4 d6 7. Bc4 Bg4 8.
Bxf7+ Kxf7 9. Ng5+ Ke8 10. Qxg4 Nf6 11. Qe6+ Qe7 12. Qxe7+ Nxe7 13. Ne6 Kd7 14.
Nxf8+ Rhxf8 15. e5 dxe5 16. Bxe5 Rae8 17. Nd2 Ng6 18. Nf3 Ng4 19. O-O-O N6xe5
20. dxe5+ Kc8 21. Rhe1 Rd8 22. Rxd8+ Kxd8 23. Rd1+ Kc8 24. h3 Nh6 25. e6 Re8 26.
Re1 Re7 27. Ng5 g6 28. Nxh7 Kd8 29. Ng5 Nf5 30. g4 Nd6 31. Rf1 Ke8 32. Rf6 Rg7
33. Kc2 Ke7 34. Rf4 c6 35. Ra4 a6 36. Rb4 Kd8 37. Rd4 Ke7 38. b4 Ke8 39. Rxd6
Re7 40. Rd7 Rxd7 41. exd7+ Kxd7 42. Kd3 Ke7 43. Kd4 Kd6 44. h4 Ke7 45. Kc5 Kd8
46. Kb6 Kc8 47. h5 gxh5 48. gxh5 Kb8 49. h6 Kc8 50. h7 Kd7 51. h8=Q Kd6 52. Kxb7
Kd5 53. Kxa6 Kc4 54. Kb6 Kd3 55. a4 Kc2 56. c4 Kb3 57. Kxc6 Kxa4 58. Qa8+ Kb3
59. b5 Kxc4 60. Kc7 Kc3 61. b6 Kd4 62. b7 Kd3 63. Ne4 Kxe4 64. b8=R+ Kd4 65.
Qe4+ Kxe4 66. Rb5 Kd4 67. Kd6 Kc4 68. Rh5 Kb4 69. Kc6 Kc4 70. Rh4+ Kd3 71. Kc5
Ke3 72. Kd5 Kf3 73. Ke5 Kg3 74. Ra4 Kf3 75. Rb4 Kg3 76. Kf5 Kf3 77. Rb3+ Ke2 78.
Kf4 Kd2 79. Ke4 Kc2 80. Rh3 Kd2 81. Rg3 Kc2 82. Kd4 Kb2 83. Kc4 Kb1 84. Rg2 Kc1
85. Kd3 Kb1 86. Kc3 Ka1 {Black resigns} 1-0

[Event "Team 45 45 League T39"]
[Site "Internet Chess Club"]
[Date "2008.10.28"]
[Round "1"]
[White "az2112"]
[Black "Archdruid"]
[Result "0-1"]
[WhiteElo "1697"]
[BlackElo "1840"]
[Opening "Sicilian: accelerated fianchetto, Maróczy bind, 6.Be3"]
[ECO "B38"]
[Time "21:00:53"]
[TimeControl "2700+45"]

1. e4 c5 2. Nf3 Nc6 3. d4 cxd4 4. Nxd4 g6 5. c4 Bg7 6. Be3 d6 7. Nc3 Nf6 8. f3
O-O 9. Be2 Qb6 10. Qd2 Nxd4 11. Bxd4 Qb4 12. a3 Qa5 13. b4 Qd8 14. Nd5 Nxd5 15.
Bxg7 Kxg7 16. cxd5 Bd7 17. h4 h5 18. g4 hxg4 19. Qd4+ f6 20. fxg4 Rh8 21. g5 a5
22. b5 Qc7 23. gxf6+ exf6 24. Rf1 Raf8 25. h5 gxh5 26. Rg1+ Kf7 27. Kd2 Qc5 28.
Qb2 Ke7 29. Rac1 Qf2 30. Rcf1 Qh2 31. Rg7+ Ke8 32. Rxf6 Bg4 33. Rxf8+ Rxf8 34.
Kd3 Rf3+ {White resigns} 0-1

[Event "Team 45 45 League T39"]
[Site "Internet Chess Club"]
[Date "2008.10.24"]
[Round "1"]
[White "Elita499"]
[Black "Chess2Play"]
[Result "0-1"]
[WhiteElo "1679"]
[BlackElo "1620"]
[Opening "Sicilian: Grand Prix attack"]
[ECO "B23"]
[Time "20:00:41"]
[TimeControl "2700+45"]

1. e4 c5 2. Nc3 Nc6 3. f4 g6 4. Nf3 d6 5. Bb5 Bd7 6. O-O Bg7 7. d3 Nf6 8. Qe1
Nd4 9. Nxd4 cxd4 10. Bxd7+ Qxd7 11. Ne2 Ng4 12. f5 Ne3 13. Bxe3 dxe3 14. Qg3
Bxb2 15. Rab1 Be5 16. Qxe3 O-O 17. d4 Bg7 18. fxg6 fxg6 19. Qb3+ Kh8 20. Qxb7
Rxf1+ 21. Kxf1 Rf8+ 22. Kg1 Qa4 23. Qxe7 Qxc2 24. Rf1 Rxf1+ 25. Kxf1 Qd1+ 26.
Kf2 Bxd4+ 27. Nxd4 Qxd4+ 28. Kf3 Qd3+ 29. Kg4 Qe2+ 30. Kg5 Qxg2+ 31. Kf6 Qf3+
32. Ke6 Qxe4+ 33. Kxd6 Qb4+ 34. Kd7 Qb7+ 35. Kd8 Qxe7+ 36. Kxe7 Kg7 37. a4 g5
38. a5 g4 39. a6 h5 40. Kd7 h4 41. Kc7 g3 42. hxg3 hxg3 43. Kb7 g2 44. Kxa7
g1=Q+ 45. Ka8 Qc5 46. Kb8 Qb6+ {White resigns} 0-1

[Event "Team 45 45 League T39"]
[Site "Internet Chess Club"]
[Date "2008.10.26"]
[Round "1"]
[White "Manch"]
[Black "OOB1"]
[Result "1-0"]
[WhiteElo "1588"]
[BlackElo "1485"]
[Opening "Sicilian: Nimzovich-Rossolimo attack (without ...d6)"]
[ECO "B30"]
[Time "17:22:17"]
[TimeControl "2700+45"]

1. e4 c5 2. Nf3 Nc6 3. Bb5 Qb6 4. Nc3 Nd4 5. Bc4 Nf6 6. e5 Nxf3+ 7. Qxf3 d5 8.
Nxd5 Nxd5 9. Bxd5 e6 10. Bc4 Be7 11. O-O O-O 12. d3 f6 13. exf6 Rxf6 14. Qg4 Kh8
15. Bb3 e5 16. Qg3 Qd6 17. Bg5 Rf7 18. Bxf7 {Black resigns} 1-0

[Event "Team 45 45 League T39"]
[Site "Internet Chess Club"]
[Date "2008.10.27"]
[Round "1"]
[White "Fidelian"]
[Black "sdcohle"]
[Result "1-0"]
[WhiteElo "1261"]
[BlackElo "1301"]
[Opening "Four knights: Ranken variation"]
[ECO "C48"]
[Time "21:06:18"]
[TimeControl "2700+45"]

1. e4 e5 2. Nf3 Nf6 3. Nc3 Nc6 4. Bb5 a6 5. Bxc6 dxc6 6. d4 exd4 7. Qxd4 Qxd4 8.
Nxd4 Bb4 9. Ne2 Nxe4 10. O-O Nxc3 11. Nxc3 O-O 12. Ne4 Bf5 13. c3 Ba5 14. Ng3
Bg6 15. Bf4 Rad8 16. Rad1 Rfe8 17. Be3 Bd3 18. Rfe1 h6 19. Bd4 Rxe1+ 20. Rxe1
Rd7 21. Re3 Bg6 22. h4 Bb6 23. Ne2 c5 24. Re8+ Kh7 25. Be3 c6 26. b4 f6 27. Re6
Bf5 28. Re8 Rd1+ 29. Kh2 Bc7+ 30. g3 cxb4 31. cxb4 Rd7 32. a4 Bg6 33. Re6 Bf7
34. Re4 Bd5 35. Rd4 Re7 36. Rd2 Bf7 37. Bc5 Re5 38. Rd7 Rxe2 39. Rxc7 Bd5 40.
Rxb7 Rc2 41. a5 Rc1 42. Kh3 Rh1+ 43. Kg4 Be6+ 44. Kf4 Rc1 45. Rb6 Rc4+ 46. Ke3
Bd5 47. Rxa6 Rc3+ 48. Kd2 Rb3 49. Ra7 Rb2+ 50. Kc1 Ra2 51. Bd4 Bc4 52. Kd1 Ra4
53. Bxf6 Kg6 54. Be7 Bb5 55. Bc5 Kf6 56. Kd2 g6 57. Ke3 h5 58. Kf4 Ra3 59. Bd4+
Ke6 60. Kg5 Kd5 61. Bc5 Bd3 62. Rd7+ Ke5 63. b5 Bxb5 64. Bxa3 Ke6 65. Rd6+ Ke5
66. Rxg6 c5 67. Bxc5 Kd5 68. Be3 Ke4 69. Kxh5 Be8 70. a6 Bxg6+ 71. Kxg6 Ke5 72.
a7 Ke6 73. h5 Ke7 74. h6 Ke6 75. h7 Kd7 76. h8=Q Ke7 77. a8=Q Ke6 78. Qf6+ Kd7
79. Qb7+ Ke8 80. Qh8# {Black checkmated} 1-0

[Event "Team 45 45 League T39"]
[Site "Internet Chess Club"]
[Date "2008.10.27"]
[Round "1"]
[White "Traho"]
[Black "carolinaknight"]
[Result "1-0"]
[WhiteElo "1262"]
[BlackElo "1220"]
[Opening "Réti opening"]
[ECO "A04"]
[Time "20:10:18"]
[TimeControl "2700+45"]

1. Nf3 e6 2. g3 Nf6 3. Bg2 c5 4. O-O Nc6 5. d3 Be7 6. Re1 h6 7. b3 b6 8. Bb2 Bb7
9. Nbd2 Qc7 10. Nc4 O-O 11. e4 e5 12. Ncxe5 Nd4 13. Nxd4 cxd4 14. Bxd4 Bc5 15.
c3 d6 16. Ng4 Bxd4 17. cxd4 Nd7 18. Rc1 Qd8 19. Ne3 Nf6 20. d5 Qd7 21. Qd2 Rab8
22. Nc2 Rfe8 23. Nb4 a5 24. Nc6 Rbc8 25. Nd4 Ra8 26. Ne2 a4 27. b4 Ra7 28. a3
Re7 29. Nf4 Qe8 30. Qd1 Bc8 31. Bh3 Bxh3 32. Nxh3 Re5 33. Rc6 Qd7 34. f4 Re8 35.
f5 b5 36. g4 Rb7 37. Nf2 Qe7 38. Qd2 Nh7 39. Qc3 Ng5 40. Kg2 Nh7 41. Rc1 Rbb8
42. Rc7 Qh4 43. d4 Ng5 44. Qg3 Qxg3+ 45. Kxg3 Kh7 46. Kf4 f6 47. h4 Rg8 48. R1c6
Rbf8 49. Rxd6 Nf7 50. Rdd7 g5+ 51. Kg3 gxh4+ 52. Kxh4 Rg7 53. Re7 Kh8 54. d6 Kg8
55. d7 Ng5 56. Rxg7+ Kh8 57. Kg3 Kxg7 58. d8=Q+ Kg8 59. Qd7 {Black resigns} 1-0

[Event "Team 45 45 League T39"]
[Site "Internet Chess Club"]
[Date "2008.10.25"]
[Round "1"]
[White "furrbrain"]
[Black "kingsrook"]
[Result "0-1"]
[WhiteElo "1212"]
[BlackElo "1212"]
[Opening "Caro-Kann: classical variation"]
[ECO "B18"]
[Time "18:00:08"]
[TimeControl "2700+45"]

1. e4 c6 2. d4 d5 3. Nc3 dxe4 4. Nxe4 Bf5 5. Nc5 Qc7 6. Nf3 e6 7. Bc4 b6 8. Nb3
Nf6 9. O-O Be7 10. Ne5 Nbd7 11. Bf4 O-O 12. Ng6 Bd6 13. Nxf8 Rxf8 14. Bxd6 Qxd6
15. c3 Nd5 16. Nd2 N7f6 17. Qf3 Bg4 18. Qg3 Qd7 19. h3 Bf5 20. Nf3 Ne4 21. Ne5
Qd6 22. Qf3 Nd2 23. Qe2 Nxf1 24. Kxf1 b5 25. Bd3 Nf4 26. Nxf7 Rxf7 27. Qf3 Bxd3+
28. Kg1 {White resigns} 0-1

[Event "Team 45 45 League T39"]
[Site "Internet Chess Club"]
[Date "2008.10.25"]
[Round "1"]
[White "WzeroMN"]
[Black "JoseCapablanca"]
[Result "1/2-1/2"]
[WhiteElo "1076"]
[BlackElo "975"]
[Opening "Scandinavian (center counter) defense"]
[ECO "B01"]
[Time "10:00:42"]
[TimeControl "2700+45"]

1. e4 d5 2. exd5 Qxd5 3. Nc3 Qa5 4. d4 Nf6 5. Nf3 Bg4 6. Be2 Nc6 7. O-O O-O-O 8.
Be3 e5 9. Nxe5 Nxe5 10. Bxg4+ Nfxg4 11. Qe2 Nxe3 12. fxe3 Nc6 13. Rxf7 Bd6 14.
Qg4+ Kb8 15. Qxg7 Qh5 16. h3 b6 17. Qf6 Nb4 18. Qf2 Rhf8 19. Rxf8 Rxf8 20. Qe2
Qf5 21. Rf1 Qg6 22. Rxf8+ Bxf8 23. Qb5 Qxc2 24. Qe8+ Kb7 25. Qxf8 Qd2 26. Qf2
Qc1+ 27. Kh2 Nd3 28. Qg1 Qxb2 29. Nd5 Nf2 30. a4 a5 31. Qe1 c5 32. e4 Qxd4 33.
e5 Qxd5 34. e6 Qe4 35. Qxf2 Qxe6 36. Qf3+ Kc7 37. Qf4+ Kc6 38. Qf3+ Kc7 39. g4
c4 40. Qf4+ Kc6 41. Qf3+ Kd6 42. Qd1+ Ke7 43. Kg2 Qe4+ 44. Kf1 Qd3+ 45. Qe2+ Kf6
46. Qxd3 cxd3 47. Ke1 Ke5 48. Kd2 {Game drawn by mutual agreement} 1/2-1/2

[Event "Team 45 45 League T39"]
[Site "Internet Chess Club"]
[Date "2008.10.24"]
[Round "1"]
[White "jjaillet2007"]
[Black "Just-Jim"]
[Result "1/2-1/2"]
[WhiteElo "1278"]
[BlackElo "1412"]
[Opening "QGD Slav defense"]
[ECO "D10"]
[Time "20:23:58"]
[TimeControl "2700+45"]

1. d4 d5 2. c4 c6 3. Nc3 Bf5 4. cxd5 cxd5 5. Bf4 a6 6. e3 e6 7. Nf3 h6 8. Ne5
Nc6 9. Bd3 Bxd3 10. Qxd3 Bb4 11. O-O Nge7 12. e4 dxe4 13. Nxe4 Qxd4 14. Qxd4
Nxd4 15. Be3 Nef5 16. a3 Ba5 17. Rad1 Nc2 18. Bf4 O-O 19. h3 Nfd4 20. b4 Ne2+
21. Kh2 Nxf4 22. bxa5 Nxa3 23. Nd7 Rfd8 24. Nec5 Nd5 25. Nb6 Nxb6 26. axb6 Rxd1
27. Rxd1 Nc4 28. Rb1 Rc8 29. Nxb7 Rc6 30. Nc5 Rxb6 31. Rxb6 Nxb6 32. Nxa6 Kf8
33. Kg3 Ke7 34. Nc5 f5 35. Nd3 Kf6 36. Nf4 g5 37. Ne2 Nd5 38. f4 gxf4+ 39. Nxf4
Nxf4 40. Kxf4 e5+ 41. Ke3 Kg5 42. g3 e4 43. g4 fxg4 44. hxg4 Kxg4 45. Kxe4 h5
46. Ke3 h4 47. Kf2 h3 48. Kg1 Kg3 49. Kh1 Kf3 50. Kh2 Kg4 51. Kg1 Kg3 52. Kh1
{Game drawn by mutual agreement} 1/2-1/2

[Event "Team 45 45 League T39"]
[Site "Internet Chess Club"]
[Date "2008.10.25"]
[Round "1"]
[White "reverendjim"]
[Black "joaoazm"]
[Result "1-0"]
[WhiteElo "1204"]
[BlackElo "1179"]
[Opening "Philidor's defense"]
[ECO "C41"]
[Time "08:30:29"]
[TimeControl "2700+45"]

1. e4 e5 2. Nf3 d6 3. d4 Bg4 4. dxe5 Bxf3 5. Qxf3 dxe5 6. Qb3 b6 7. Bc4 Qf6 8.
Be3 Ne7 9. Nc3 c6 10. O-O b5 11. Be2 g6 12. Rad1 Nc8 13. a3 a5 14. Nb1 Bd6 15.
c4 a4 16. Qc3 bxc4 17. Bxc4 O-O 18. Nd2 c5 19. Nf3 Nc6 20. Bd5 Ra6 21. Bxc5 Bxc5
22. Qxc5 Rd8 23. Qc4 N6e7 24. Bxf7+ Qxf7 25. Rxd8+ Kg7 26. Qxa6 h6 27. Nxe5 Qb3
28. Rd7 Qxb2 29. Nxg6 Qxa3 30. Nxe7 Nxe7 31. Qe6 Kf8 32. Qxh6+ Ke8 33. Rfd1 Kf7
34. Qh7+ Ke6 35. Rxe7+ Qxe7 36. Qxe7+ Kxe7 37. Ra1 Ke6 38. Rxa4 Ke5 39. f3 Kf6
40. Ra5 Kg6 41. h4 Kg7 42. Rf5 {Black resigns} 1-0

[Event "Team 45 45 League T39"]
[Site "Internet Chess Club"]
[Date "2008.10.22"]
[Round "1"]
[White "ars-felidae"]
[Black "chips"]
[Result "1/2-1/2"]
[WhiteElo "1212"]
[BlackElo "1166"]
[Opening "Scandinavian (center counter) defense"]
[ECO "B01"]
[Time "15:46:10"]
[TimeControl "2700+45"]

1. e4 d5 2. exd5 Qxd5 3. Nc3 Qe5+ 4. Be2 e6 5. Nf3 Qf6 6. d3 Bb4 7. Bg5 Qf5 8.
Qd2 Qa5 9. O-O Nd7 10. a3 Bxc3 11. bxc3 Ngf6 12. d4 O-O 13. Ne5 Ne4 14. Qe3 Nxc3
15. Bd3 f6 16. Nxd7 Bxd7 17. Qh3 f5 18. Be7 Rf7 19. Bb4 Qd5 20. Bxc3 Bc6 21. Be2
Qe4 22. Bd3 Qd5 23. Rfe1 Re8 24. Re5 Qd8 25. Rae1 Rf6 26. Bc4 Bd7 27. Rxf5 Rxf5
28. Qxf5 Qf6 29. Qxf6 gxf6 30. d5 e5 31. d6+ Kh8 32. dxc7 Rc8 33. f4 Rxc7 34.
Re4 Bf5 35. Bxe5 fxe5 36. Rxe5 Bxc2 37. Bd5 b6 38. Rg5 Rg7 39. Rxg7 Kxg7 40. g3
Kf6 41. Kf2 h6 42. Ke3 Kf5 43. h3 Bb1 44. g4+ Kf6 45. h4 Bc2 46. g5+ hxg5 47.
hxg5+ Kg6 48. Be4+ Bxe4 49. Kxe4 a5 50. Ke5 b5 51. f5+ Kxg5 52. f6 Kg6 53. Ke6
b4 54. axb4 axb4 55. Kd5 b3 56. f7 b2 57. f8=Q b1=Q 58. Qg8+ Kh6 59. Qe6+ Qg6
60. Qxg6+ Kxg6 {Game drawn because neither player has mating material} 1/2-1/2

[Event "Team 45 45 League T39"]
[Site "Internet Chess Club"]
[Date "2008.10.25"]
[Round "1"]
[White "hz1038"]
[Black "Daidalos"]
[Result "0-1"]
[WhiteElo "838"]
[BlackElo "1052"]
[Opening "King's pawn opening"]
[ECO "B07"]
[Time "12:00:10"]
[TimeControl "2700+45"]

1. e4 d6 2. Nf3 Nc6 3. Bb5 Bd7 4. O-O e6 5. Nc3 Be7 6. d3 g6 7. d4 Bf6 8. Bf4 e5
9. Bg3 Qe7 10. Bc4 O-O-O 11. a3 Kb8 12. h3 h6 13. Nb5 Be8 14. Qe1 exd4 15. Nfxd4
Nxd4 16. Nxd4 Bxd4 17. Qd2 Bxb2 18. Rab1 Bxa3 19. Qd5 Bc6 20. Qd3 f6 21. Qb3 Bc5
22. Bd5 Qd7 23. Bf4 Bxd5 24. exd5 Bb6 25. Be3 Qc8 26. Bxb6 cxb6 27. c4 Ne7 28.
c5 Qxc5 29. Rfc1 Qxd5 30. Rd1 Qxb3 31. Rxb3 Nc6 32. Re1 Rh7 33. h4 Re7 34. Rbe3
Rxe3 35. Rxe3 Ne5 36. Rc3 Nc6 37. Re3 Kc7 38. h5 g5 39. Rf3 Rf8 40. g4 Ne5 41.
Ra3 Nc6 42. Rf3 Kd7 43. Re3 Ne5 44. Ra3 a6 45. Re3 Nxg4 46. Rg3 f5 47. Rc3 f4
48. Rc4 b5 49. Re4 Ne5 50. Re3 fxe3 51. fxe3 Nd3 52. Kg2 Ke6 53. e4 Ke5 54. Kg3
Kxe4 55. Kh3 b4 56. Kg4 b3 57. Kg3 b2 58. Kg4 b1=Q 59. Kg3 Rf4 60. Kg2 Qf1+ 61.
Kg3 Qf2+ 62. Kh3 Rh4# {White checkmated} 0-1

[Event "Team 45 45 League T39"]
[Site "Internet Chess Club"]
[Date "2008.10.24"]
[Round "1"]
[White "PJ"]
[Black "ShanghaiTom"]
[Result "1-0"]
[WhiteElo "1811"]
[BlackElo "1760"]
[Opening "Ruy Lopez: 5.O-O"]
[ECO "C78"]
[Time "04:00:20"]
[TimeControl "2700+45"]

1. e4 e5 2. Nf3 Nc6 3. Bb5 a6 4. Ba4 Nf6 5. O-O b5 6. Bb3 Bc5 7. c3 O-O 8. d4
exd4 9. cxd4 Bb6 10. e5 Ne4 11. Bd5 Nf6 12. exf6 Qxf6 13. Be3 Bb7 14. Nc3 Rab8
15. Ne4 Qf5 16. Nc3 b4 17. Be4 Qe6 18. d5 Qe7 19. Bxh7+ Kxh7 20. Ng5+ Kg6 21. h4
bxc3 22. Qg4 f5 23. h5+ Kf6 24. Nh7+ Kf7 25. Qg6+ Kg8 26. Ng5 Qxg5 27. Qxg5 cxb2
28. Rab1 Ne5 29. Bxb6 cxb6 30. Rxb2 Bxd5 31. Qd2 Be6 32. Rb4 Rf6 33. Rc1 Rh6 34.
Qd6 Nc6 35. Rxc6 Rf8 36. Rcxb6 Bxa2 37. Qxd7 Rxh5 38. Rb8 {Black resigns} 1-0